 Dungeon Crawl Stone Soup version 0.17-a0-910-ga669010 (console) character file.

69 sose the Ruffian (level 4, -2/36 HPs)
             Began as a Ghoul Warper on May 2, 2015.
             Killed from afar by an orc wizard (8 damage)
             ... with a magic dart
             ... on level 3 of the Dungeon.
             The game lasted 00:03:26 (1713 turns).

sose the Ruffian (Ghoul Warper)                     Turns: 1713, Time: 00:03:26

Health: -2/36      AC:  3    Str: 14    XL:     4   Next: 20%
Magic:  5/5        EV: 11    Int:  9    God:
Gold:   85         SH:  0    Dex:  8    Spells: 2 memorised, 3 levels left

rFire  . . .     SeeInvis .       - Unarmed
rCold  + . .     Clarity  .     a - +0 leather armour
rNeg   + + +     SustAb   .     (no shield)
rPois  ∞         Gourm    .     (no helmet)
rElec  .         Spirit   .     (no cloak)
rCorr  .         Warding  .     (no gloves)
rMut   .         Stasis   .     (no boots)
MR     .....                    (no amulet)
Stlth  +.........               (no ring)
                                (no ring)

@: rotting, not resistant to hostile enchantments, very unstealthy
A: rotting body, claws 1, carnivore 3, cold resistance 1, negative energy
resistance 3, slow healing 1, torment resistance, unbreathing
a: no special abilities


You were on level 3 of the Dungeon.
You were not hungry.

You visited 1 branch of the dungeon, and saw 3 of its levels.

You collected 85 gold pieces.

Inventory:

Missiles
 d - a tomahawk of dispersal (quivered)
Armour
 a - a +0 leather armour (worn)
Jewellery
 k - an uncursed amulet of stasis
 o - an uncursed ring of sustain abilities {unknown}
Magical devices
 n - a wand of fireball (6)
Scrolls
 c - a scroll of blinking
 i - a scroll of remove curse
 l - a scroll of amnesia {unknown}
 p - a scroll of magic mapping {unknown}
Potions
 f - a potion of curing {unknown}
 g - a potion of beneficial mutation {unknown}
 m - a potion of agility {unknown}
Books
 b - a book of Spatial Translocations

   Spells                             Type                      Level
   a - Apportation                    Translocation                1
   b - Blink                          Translocation                2
   c - Shroud of Golubria             Charms/Translocation         2
   d - Portal Projectile              Translocation                3
   e - Teleport Other                 Translocation                3
   f - Passage of Golubria            Translocation                4
Comestibles
 e - 3 meat rations
 h - a beef jerky
 j - a slice of pizza


   Skills:
 - Level 2.1 Fighting
 - Level 0.8 Throwing
 - Level 0.8 Armour
 - Level 1.7 Dodging
 + Level 4.8 Unarmed Combat
 - Level 1.7 Spellcasting
 - Level 2.6 Translocations


You had 3 spell levels left.
You knew the following spells:

 Your Spells              Type           Power        Failure   Level  Hunger
a - Apportation           Tloc           #.........   14%         1    ##.....
N - Blink                 Tloc           N/A          21%         2    ###....


Dungeon Overview and Level Annotations

Branches:
Dungeon (3/15)

Altars:
Elyvilon
Kikubaaqudgha


Innate Abilities, Weirdness & Mutations

Your body is rotting away.
You thrive on raw meat.
You are immune to poison.
You have sharp fingernails.
You are carnivorous and can eat meat at any time.
Your flesh is cold resistant.
You are immune to negative energy.
You heal slowly when monsters are visible.
You are immune to unholy pain and torment.
You can survive without breathing.


Message History

The orc wizard misses you.
You closely miss the orc wizard.
The orc wizard is moderately wounded.
The orc wizard closely misses you. x2
An orc comes into view. It is wielding a hand axe of chopping.
You barely miss the orc wizard.
The orc wizard is moderately wounded.
The orc shouts!
The orc wizard hits you with a dagger.
You scratch the orc wizard but do no damage.
The orc wizard is heavily wounded.
The orc wizard hits you but does no damage.
You scratch the orc wizard but do no damage.
The orc wizard is heavily wounded.
The orc wizard gestures at you while chanting.
The magic dart hits you!
* * * LOW HITPOINT WARNING * * *
The orc wizard gestures at you while chanting.
The magic dart hits you!
You die...

##### #.... # #.###
#.###########># #.#
#.......o@)o..# ###<###
###...######### #.>...#
#.#...############.....#
..
#...................[#
...
###.############.....#
### ...# #.....# #.###
####### ... ###


You could see an orc wizard (bleeding) and an orc.

Vanquished Creatures
  An adder (D:2)
  An ooze (D:2)
  3 worms (D:2)
  A giant gecko (D:2)
  3 orcs (D:3)
  2 ball pythons (D:1)
  7 hobgoblins
  2 jackals (D:1)
  5 kobolds
  5 bats
  6 giant newts
  2 goblins
  10 rats
48 creatures vanquished.

Notes
Turn   | Place    | Note
--------------------------------------------------------------
     0 | D:1      | sose, the Ghoul Warper, began the quest for the Orb.
     0 | D:1      | Reached XP level 1. HP: 17/17 MP: 2/2
   101 | D:1      | Reached XP level 2. HP: 24/24 MP: 3/3
   130 | D:1      | Reached skill level 3 in Unarmed Combat
   752 | D:2      | Reached XP level 3. HP: 25/28 MP: 4/4
   768 | D:2      | Found a white marble altar of Elyvilon.
   801 | D:2      | Reached skill level 4 in Unarmed Combat
  1229 | D:2      | Reached XP level 4. HP: 31/36 MP: 5/5
  1422 | D:2      | Found an ancient bone altar of Kikubaaqudgha.
  1429 | D:2      | Learned a level 2 spell: Blink
  1713 | D:3      | Killed from afar by an orc wizard

Action                   |  1- 3 |  4- 6 || total
-------------------------+-------+-------++-------
Melee: Unarmed           |   126 |    39 ||   165
Throw: Tomahawk          |     1 |     3 ||     4
  Use: Scroll            |       |     1 ||     1
  Eat: Chunk             |     6 |       ||     6
